Description

A bit more extended version of HM BO

Kudos HM

VOD

https://www.youtube.com/watch?v=4QPKAESyUcQ&t=245s

Build Order

Get SALT Encoding   

  14  0:17  Supply Depot  
  16  0:39  Barracks  
  16  0:43  Refinery  Mine with 3 SCVs
  19  1:27  Orbital Command  1st
  19  1:28  Reaper  
  20  1:40  Command Center  2nd; Start scouting
  20  1:46  Supply Depot  
  21  1:58  Marine  
  22  2:05  Factory  
  24  2:20  Barracks Reactor  Swap Barracks with Factory when done
  25  2:36  Command Center  3rd
  26  2:49  Orbital Command  2nd
  27  3:00  Starport  
  27  3:08  Refinery  2nd
  28  3:16  Hellion x2  Must go up to 8 Helions
  35  3:20  Barracks Tech Lab  Swap Barracks with Starport when done
  36  3:40  Hellion x2  
  43  3:56  Banshee  1st; Stays at home
  46  3:58  Orbital Command  3rd
  47  4:00  Cloaking Field  
  46  4:10  Hellion x2  
  54  4:16  Barracks Tech Lab  Can go 2 marine first
  54  4:30  Hellion x2  Last 2 hellions
  62  4:39  Banshee  2nd; Start harrasing when completed
  67  4:48  Refinery  3rd - 4th
  69  4:55  Factory Reactor  Use same Factory to build a new reactor
  69  4:56  Barracks x2  Build one on the now free reactor
  74  5:13  Engineering Bay x2  
  79  5:28  Starport Reactor  Use Starport to build a new reactor
  82  5:42  Barracks x2  
  82  5:40  Factory Tech Lab  Use same factory to create Tech lab for tanks
  82  5:44  Terran Infantry Weapons Level 1  
  82  5:55  Terran Infantry Armor Level 1  
  104  6:20  Combat Shield  
Spawning Tool Build Advisor. Get it on Overwolf

Go to:

Details

  • Created by: bananaranger
  • Published on: Jun 23, 2022
  • Modified on: Jun 26, 2022
  • Patch: 4.11.0
  • Difficulty: Hard
Show
View Real Time Build Order
Export as new Build Order

Comments (0)

There are no comments. Be the first!

Create an account to comment!